Map: Ruins of Seras

Players

Computer

  • Race: Protoss Protoss

MorN - Winner!

  • Race: Terran Terran
  • League: Master

VOD

Have the link to the VOD?

Description

Time

  • Played on: Nov. 18, 2015, 12:10 a.m.
  • Length: 10:41
Show
View Real Time Build Order
Export as new Build Order

Computer Protoss 

Build Orders: Oracle Opening, Colossus Rush 

Get SALT Encoding   

  12  0:01  Probe (Chrono Boost)  
  13  0:12  Probe (Chrono Boost)  
  14  0:19  Pylon  
  14  0:23  Probe (Chrono Boost)  
  15  0:37  Probe (Chrono Boost)  
  15  0:39  Gateway  
  16  0:46  Assimilator  
  16  0:48  Probe (Chrono Boost)  
  17  0:56  Assimilator  
  17  0:58  Probe (Chrono Boost)  
  18  1:09  Probe (Chrono Boost)  
  19  1:20  Pylon  
  19  1:29  Cybernetics Core  
  19  1:30  Probe (Chrono Boost)  
  20  1:41  Probe (Chrono Boost)  
  21  1:52  Probe (Chrono Boost)  
  22  2:05  Mothership Core (Chrono Boost)  
  22  2:07  Stargate  
  24  2:16  Warp Gate  
  23  2:31  Probe (Chrono Boost)  
  24  2:39  Nexus  
  26  2:51  Oracle (Chrono Boost)  
  27  3:03  Robotics Facility  
  27  3:09  Probe  
  28  3:21  Probe  
  30  3:34  Probe  
  30  3:35  Forge  
  30  3:41  Assimilator  
  30  3:45  Pylon  
  30  3:46  Probe  
  31  4:06  Probe  
  31  4:08  Observer  
  30  4:17  Probe, Robotics Bay  
  30  4:18  Probe  
  32  4:24  Sentry  
  32  4:28  Probe  
  32  4:30  Probe  
  37  4:31  Observer  
  37  4:34  Photon Cannon  
  37  4:38  Probe  
  37  4:42  Probe  
  39  4:46  Assimilator  
  39  4:49  Probe  
  40  4:55  Probe  
  40  4:58  Protoss Ground Weapons Level 1 (Chrono Boost)  
  40  4:59  Probe  
  41  5:04  Extended Thermal Lance  
  42  5:10  Probe  
  43  5:19  Probe  
  43  5:20  Probe  
  44  5:27  Photon Cannon  
  45  5:31  Probe x2  
  45  5:33  Colossus  
  53  5:41  Probe  
  53  5:48  Pylon  
  54  6:05  Probe  
  54  6:06  Probe  
  54  6:07  Oracle (Chrono Boost)  
  59  6:12  Gateway  
  59  6:13  Gateway  
  59  6:15  Probe  
  59  6:17  Gateway x2  
  60  6:21  Gateway  
  60  6:26  Probe  
  61  6:33  Pylon  
  61  6:39  Pylon, Protoss Ground Armor Level 1 (Chrono Boost)  
  61  6:51  Colossus (Chrono Boost)  
  67  6:54  Pylon  
  67  6:56  Stalker  
  67  6:59  Probe  
  70  7:13  Stalker x4  
  78  7:29  Pylon  
  75  7:37  Stalker  
  75  7:38  Stalker x4  
  75  7:42  Twilight Council  
  85  7:48  Colossus (Chrono Boost)  
  91  7:59  Sentry  
  91  8:04  Pylon  
  93  8:25  Nexus  
  93  8:28  Stalker  
  93  8:29  Stalker  
  83  8:44  Pylon  
  83  8:45  Pylon  
  61  8:49  Sentry x3  
  61  8:51  Zealot  
  65  8:57  Oracle (Chrono Boost)  
  65  9:00  Colossus (Chrono Boost)  
  74  9:07  Probe x2  
  76  9:17  Stalker x2  
  80  9:25  Probe  
  81  9:40  Stalker  
  81  9:41  Stalker x2  
  87  9:46  Assimilator  
  87  9:48  Colossus (Chrono Boost), Assimilator  
  87  9:52  Photon Cannon  
  59  10:33  Stalker x5  
  59  10:34  Stalker  
Show
View Real Time Build Order
Export as new Build Order

MorN Terran - Winner!

Build Orders: MMM Bio 

Get SALT Encoding   

  12  0:00  SCV  
  13  0:13  SCV  
  14  0:18  Supply Depot  
  14  0:25  SCV  
  15  0:40  SCV  
  15  0:41  Barracks  
  16  0:46  Refinery  
  16  0:52  SCV  
  17  1:04  SCV  
  18  1:18  SCV  
  19  1:29  Marine  
  19  1:30  Orbital Command  
  20  1:44  Command Center  
  20  1:48  Marine  
  21  1:57  SCV  
  22  2:05  Factory, Marine  
  23  2:11  Supply Depot  
  23  2:33  SCV, Marine  
  25  2:48  SCV  
  25  2:49  Factory Tech Lab  
  25  2:51  Command Center  
  27  2:59  Orbital Command  
  27  3:00  SCV  
  27  3:03  Marine  
  29  3:12  SCV  
  29  3:14  Cyclone  
  32  3:21  Marine  
  33  3:28  SCV x2  
  35  3:38  Marine  
  35  3:40  SCV  
  37  3:52  Barracks  
  37  3:54  Barracks  
  31  4:05  SCV x2  
  30  4:17  SCV  
  30  4:19  Stimpack  
  30  4:20  Marauder  
  30  4:23  Barracks x2  
  33  4:27  SCV  
  33  4:29  SCV  
  33  4:30  Factory Tech Lab  
  35  4:34  Orbital Command  
  35  4:41  SCV  
  35  4:42  SCV  
  37  4:46  Marauder  
  39  4:53  SCV  
  39  4:57  SCV, Refinery  
  39  4:59  Factory Reactor  
  41  5:03  Starport  
  41  5:05  SCV  
  41  5:06  SCV  
  43  5:11  SCV  
  43  5:16  Engineering Bay  
  43  5:17  SCV  
  43  5:18  SCV  
  45  5:29  Combat Shields  
  45  5:31  SCV  
  45  5:34  SCV  
  45  5:35  SCV  
  48  5:43  SCV  
  48  5:46  Missile Turret  
  48  5:47  SCV, Refinery x2  
  48  5:49  SCV  
  51  5:54  Marauder x2  
  55  5:58  SCV  
  55  6:00  Medivac  
  58  6:05  SCV  
  58  6:07  Barracks Reactor  
  58  6:10  SCV  
  60  6:18  Barracks  
  60  6:19  SCV, Barracks  
  61  6:26  Factory Reactor  
  61  6:28  Barracks Reactor  
  61  6:30  Factory Tech Lab  
  61  6:36  Supply Depot  
  61  6:39  Supply Depot  
  61  6:49  Supply Depot x2  
  61  6:50  Supply Depot  
  61  6:51  Supply Depot  
  61  6:52  Supply Depot  
  61  6:53  Supply Depot  
  61  6:54  Supply Depot  
  61  6:55  Supply Depot x2  
  61  6:58  SCV x3, Marauder x2  
  61  7:00  Medivac x2  
  72  7:08  Barracks Reactor, Barracks Tech Lab  
  72  7:10  SCV x3, Siege Tank  
  78  7:16  Terran Infantry Weapons Level 1  
  78  7:20  Orbital Command  
  78  7:22  SCV x2  
  80  7:30  Medivac  
  80  7:33  Marine  
  80  7:34  SCV, Marauder x2, Marine  
  89  7:37  Medivac  
  89  7:38  Barracks x3  
  89  7:42  SCV  
  89  7:43  Siege Tank  
  95  7:46  SCV  
  95  7:48  Marauder, Marine x2  
  100  7:55  Marauder  
  100  7:56  SCV x2  
  104  7:58  Marine  
  104  7:59  SCV, Marauder  
  104  8:05  Marine  
  109  8:08  SCV  
  109  8:10  Marauder  
  109  8:15  Siege Tank  
  109  8:16  Marauder  
  113  8:20  Marauder  
  113  8:22  Marine x2  
  113  8:29  Marine x2, Medivac x2  
  113  8:31  Marauder  
  113  8:32  Marine  
  122  8:38  Marauder  
  119  8:41  Marauder  
  119  8:44  Marine x2  
  116  8:52  Marauder  
  116  8:54  Marine x2  
  119  8:56  Barracks Reactor, Barracks Tech Lab x2  
  119  8:59  SCV x3, Marauder, Supply Depot  
  119  9:01  Refinery, Marine  
  119  9:02  Refinery, Marine x2  
  127  9:11  SCV x2  
  127  9:12  Marine x2  
  127  9:14  Supply Depot, Marauder  
  133  9:19  Marine x2  
  133  9:21  Marauder x2  
  133  9:22  Marine x2  
  141  9:29  Marine  
  141  9:30  Marine  
  143  9:34  Engineering Bay  
  143  9:35  Marauder  
  143  9:37  Armory, Marine  
  146  9:40  Marauder x2  
  146  9:42  Marine x2, Marauder  
  146  9:43  Marauder  
  156  9:50  Marine x2  
  158  9:57  Marauder  
  158  9:58  Missile Turret  
  158  9:59  Marine x2  
  161  10:01  Marauder, Marine  
  165  10:14  Marine  
  165  10:15  Marauder  
  165  10:16  Marauder  
  165  10:17  Marine x2, Marauder  
  165  10:18  Marauder  
Tags
 
Composition
MMM Bio
League
Master
Matchup
PvT
Replay Pack
MorN pack 2
Add a new tag
Caveats
  • Supply blocks, unpowered buildings, or Contaminate may cause inaccurate times.
  • Supply counts are checked every 10 seconds.